Workbook

Sheet Orçamento
A2: PLANILHA ORÇAMENTÁRIA: Serviço de poda de árvores com transporte de resíduos de poda
A4: SERVIÇO | C4: PODA DE ÁRVORES COM TRANSPORTE DE RESÍDUOS DE PODA | G4: LOCAL | H4: DIVERSOS – MUNICÍPIO DE SANTA CRUZ DO SUL | L4: TOTAL LOTE 1 | M4: =SUM(G8:G11) -> 3150 | N4: TOTAL LOTE2 | O4: =SUM(G15:G18) -> 3090 | P4: DATA | Q4: 45971 | R4: BDI | S4: 0.2544
A5: Itens | B5: Fonte | C5: Código | D5: Data Preço | E5: Descrição | F5: Unidade | G5: QT | H5: Custo Unitário sem BDI (R$) | K5: Custo Total sem BDI (R$) | N5: Custo Unitário com BDI | Q5: Custo Total com BDI
H6: Material | I6: Mão de Obra | J6: Total | K6: Material | L6: Mão de Obra | M6: Total | N6: Material | O6: Mão de Obra | P6: Total | Q6: Material | R6: Mão de Obra | S6: Total
A7: 1 | B7: Serviço de poda em altura, com transporte de resíduos
A8: 1.1 | B8: Comp. Própria | C8: CPU01 | D8: 7/25 | E8: 1. Diâmetro de tronco < 0,2 m | F8: un | G8: 2000 | H8: 108.16 | I8: =Composição!J22 -> 46.57 | J8: =H8+I8 -> 154.73 | K8: =G8*H8 -> 216320 | L8: =G8*I8 -> 93140 | M8: =K8+L8 -> 309460 | N8: =H8*(1+$S$4) -> 135.6759 | O8: =I8*(1+$S$4) -> 58.417408 | P8: =N8+O8 -> 194.09331 | Q8: =G8*N8 -> 271351.81 | R8: =G8*O8 -> 116834.82 | S8: =Q8+R8 -> 388186.62
A9: 1.2 | B9: Comp. Própria | C9: CPU02 | D9: 7/25 | E9: 2. Diâmetro de tronco maior ou igual a 0,2 m e menor que 0,4 m | F9: un | G9: 1000 | H9: =Composição!J43 -> 284.54676 | I9: =Composição!J44 -> 144.87262 | J9: =H9+I9 -> 429.41938 | K9: =G9*H9 -> 284546.76 | L9: =G9*I9 -> 144872.62 | M9: =K9+L9 -> 429419.38 | N9: =H9*(1+$S$4) -> 356.93546 | O9: =I9*(1+$S$4) -> 181.72822 | P9: =N9+O9 -> 538.66367 | Q9: =G9*N9 -> 356935.46 | R9: =G9*O9 -> 181728.22 | S9: =Q9+R9 -> 538663.67
A10: 1.3 | B10: Comp. Própria | C10: CPU03 | D10: 7/25 | E10: 3. Diâmetro de tronco maior ou igual a 0,4 m e menor que 0,6 m | F10: un | G10: 120 | H10: =Composição!J65 -> 732.92 | I10: =Composição!J66 -> 348.66 | J10: =H10+I10 -> 1081.58 | K10: =G10*H10 -> 87950.4 | L10: =G10*I10 -> 41839.2 | M10: =K10+L10 -> 129789.6 | N10: =H10*(1+$S$4) -> 919.37485 | O10: =I10*(1+$S$4) -> 437.3591 | P10: =N10+O10 -> 1356.734 | Q10: =G10*N10 -> 110324.98 | R10: =G10*O10 -> 52483.092 | S10: =Q10+R10 -> 162808.07
A11: 1.4 | B11: Comp. Própria | C11: CPU04 | D11: 7/25 | E11: 4. Diâmetro de tronco > 0,6 m | F11: un | G11: 30 | H11: =Composição!J87 -> 1091.33 | I11: =Composição!J88 -> 547.34524 | J11: =H11+I11 -> 1638.6752 | K11: =G11*H11 -> 32739.9 | L11: =G11*I11 -> 16420.357 | M11: =K11+L11 -> 49160.257 | N11: =H11*(1+$S$4) -> 1368.9644 | O11: =I11*(1+$S$4) -> 686.58987 | P11: =N11+O11 -> 2055.5542 | Q11: =G11*N11 -> 41068.931 | R11: =G11*O11 -> 20597.696 | S11: =Q11+R11 -> 61666.627
A12: TOTAIS SEM BDI | K12: =SUM(K5:K11) -> 621557.06 | L12: =SUM(L5:L11) -> 296272.18 | M12: =SUM(M5:M11) -> 917829.24 | N12: TOTAIS COM BDI | Q12: =SUM(Q7:Q11) -> 779681.18 | R12: =SUM(R7:R11) -> 371643.82 | S12: =SUM(S7:S11) -> 1151325
Q13: ITEM 1 – PREÇO R$/UN | S13: =S12/M4 -> 365.5 | U13: =S13 -> 365.5
A14: 2 | B14: Serviço de poda a partir do solo, com transporte de resíduos
A15: 2.1 | B15: Comp. Própria | C15: CPU05 | D15: 7/25 | E15: 5. Diâmetro de tronco < 0,2 m | F15: un | G15: 2530 | H15: =Composição!J106 -> 23.200826 | I15: =Composição!J107 -> 27.12 | J15: =H15+I15 -> 50.320826 | K15: =G15*H15 -> 58698.09 | L15: =G15*I15 -> 68613.6 | M15: =K15+L15 -> 127311.69 | N15: =H15*(1+$S$4) -> 29.103116 | O15: =I15*(1+$S$4) -> 34.019328 | P15: =N15+O15 -> 63.122444 | Q15: =G15*N15 -> 73630.884 | R15: =G15*O15 -> 86068.9 | S15: =Q15+R15 -> 159699.78
A16: 2.2 | B16: Comp. Própria | C16: CPU06 | D16: 7/25 | E16: 6. Diâmetro de tronco maior ou igual a 0,2 m e menor que 0,4 m | F16: un | G16: 500 | H16: =Composição!J125 -> 59.8 | I16: =Composição!J126 -> 77.46 | J16: =H16+I16 -> 137.26 | K16: =G16*H16 -> 29900 | L16: =G16*I16 -> 38730 | M16: =K16+L16 -> 68630 | N16: =H16*(1+$S$4) -> 75.01312 | O16: =I16*(1+$S$4) -> 97.165824 | P16: =N16+O16 -> 172.17894 | Q16: =G16*N16 -> 37506.56 | R16: =G16*O16 -> 48582.912 | S16: =Q16+R16 -> 86089.472
A17: 2.3 | B17: Comp. Própria | C17: CPU07 | D17: 7/25 | E17: 7. Diâmetro de tronco maior ou igual a 0,4 m e menor que 0,6 m | F17: un | G17: 50 | H17: =Composição!J145 -> 147.72 | I17: =Composição!J146 -> 201.67 | J17: =H17+I17 -> 349.39 | K17: =G17*H17 -> 7386 | L17: =G17*I17 -> 10083.5 | M17: =K17+L17 -> 17469.5 | N17: =H17*(1+$S$4) -> 185.29997 | O17: =I17*(1+$S$4) -> 252.97485 | P17: =N17+O17 -> 438.27482 | Q17: =G17*N17 -> 9264.9984 | R17: =G17*O17 -> 12648.742 | S17: =Q17+R17 -> 21913.741
A18: 2.4 | B18: Comp. Própria | C18: CPU08 | D18: 7/25 | E18: 8. Diâmetro de tronco > 0,6 m | F18: un | G18: 10 | H18: =Composição!J164 -> 211.31 | I18: =Composição!J165 -> 297.3 | J18: =H18+I18 -> 508.61 | K18: =G18*H18 -> 2113.1 | L18: =G18*I18 -> 2973 | M18: =K18+L18 -> 5086.1 | N18: =H18*(1+$S$4) -> 265.06726 | O18: =I18*(1+$S$4) -> 372.93312 | P18: =N18+O18 -> 638.00038 | Q18: =G18*N18 -> 2650.6726 | R18: =G18*O18 -> 3729.3312 | S18: =Q18+R18 -> 6380.0038
A19: TOTAIS SEM BDI | K19: =SUM(K12:K18) -> 719654.25 | L19: =SUM(L12:L18) -> 416672.28 | M19: =SUM(M12:M18) -> 1136326.5 | N19: TOTAIS COM BDI | Q19: =SUM(Q14:Q18) -> 123053.11 | R19: =SUM(R14:R18) -> 151029.89 | S19: =SUM(S14:S18) -> 274083
Q20: ITEM 2 – PREÇO R$/UN | S20: =S19/O4 -> 88.7 | U20: =S20 -> 88.7
Q22: VALOR TOTAL DO LOTE | S22: =S12+S19 -> 1425408
A23: FONTES DE PESQUISA DE PREÇOS
A24: SINAPI Publicizado em 10/10/2025 (mês de referência 09/2025)
O26: Santa Cruz do Sul, 10 de novembro de 2025.
E30: Felipe Flach Kislowski | P30: Vanir Ramos de Azevedo
E31: Biólogo – CRBio 75850/03-D | P31: Secretário Municipal de Planejamento
E32: Matrícula 18075 | P32: e Mobilidade Urbana

Sheet Composição
B3: DESCRIÇÃO DAS COMPOSIÇÕES | G3: SINAPI / RS – SEM DESONERAÇÃO – SET/2025
B5: Cód: CPU 001 | D5: Serviço de poda em altura com transporte de resíduos, diâmetro de tronco < 0,2 m
B6: Item: 1.1 | D6: Unidade de medida: UNIDADE
B7: 1.1.1 | C7: Poda em altura de árvore com diâmetro de tronco menor que 0,20 m (SINAPI 98532) | L7: Equipamento | M7: material | N7: mão de obra | P7: Controle
B8: TIPO | C8: CÓDIGO | D8: Descrição Básica | G8: Unidade | H8: Quantidade | I8: Custo Unit. | J8: Custo p/ Unidade | L8: 0.31354617 | M8: 0.35216788 | N8: 0.33428595 | P8: =L8+M8+N8 -> 1
B9: C | C9: 5928 | D9: GUINDAUTO HIDRÁULICO, CAPACIDADE MÁXIMA DE CARGA 6200 KG, MOMENTO MÁXIMO DE CARGA 11,7 TM, ALCANCE MÁXIMO HORIZONTAL 9,70 M, INCLUSIVE CAMINHÃO TOCO PBT 16.000 KG, POTÊNCIA DE 189 CV - CHP DIURNO. AF_06/2014 | G9: chp | H9: 0.2048 | I9: 292.56 | J9: =H9*I9 -> 59.916288
B10: C | C10: 5930 | D10: GUINDAUTO HIDRÁULICO, CAPACIDADE MÁXIMA DE CARGA 6200 KG, MOMENTO MÁXIMO DE CARGA 11,7 TM, ALCANCE MÁXIMO HORIZONTAL 9,70 M, INCLUSIVE CAMINHÃO TOCO PBT 16.000 KG, POTÊNCIA DE 189 CV - CHI DIURNO. AF_06/2014 | G10: chi | H10: 0.4872 | I10: 79.23 | J10: =H10*I10 -> 38.600856
B11: C | C11: 88316 | D11: SERVENTE COM ENCARGOS COMPLEMENTARES | G11: hora | H11: 0.6922 | I11: 24.31 | J11: =H11*I11 -> 16.827382
B12: C | C12: 88441 | D12: JARDINEIRO COM ENCARGOS COMPLEMENTARES | G12: hora | H12: =H11 -> 0.6922 | I12: 25.39 | J12: =H12*I12 -> 17.574958
B13: 1.1.2. | C13: Deslocamento a partir da garagem ao local de serviço de poda em altura (composição)
B14: TIPO | C14: CÓDIGO | D14: Descrição Básica | G14: Unidade | H14: Quantidade | I14: Custo Unit. | J14: Total | L14: Equipamento | M14: material | N14: mão de obra | P14: Controle
B15: C | C15: 5928 | D15: GUINDAUTO HIDRÁULICO, CAPACIDADE MÁXIMA DE CARGA 6200 KG, MOMENTO MÁXIMO DE CARGA 11,7 TM, ALCANCE MÁXIMO HORIZONTAL 9,70 M, INCLUSIVE CAMINHÃO TOCO PBT 16.000 KG, POTÊNCIA DE 189 CV - CHP DIURNO. AF_06/2014 | G15: chp | H15: =Memorial_de_calculo!D16 -> 0.025637037 | I15: 292.56 | J15: =H15*I15 -> 7.5003716 | L15: 0.32231405 | M15: 0.58659482 | N15: 0.091091127 | P15: =L15+M15+N15 -> 1
B16: C | C16: 91386 | D16: CAMINHÃO BASCULANTE 10 M3, TRUCADO CABINE SIMPLES, PESO BRUTO TOTAL 23.000 KG, CARGA ÚTIL MÁXIMA 15.935 KG, DISTÂNCIA ENTRE EIXOS 4,80 M, POTÊNCIA 2 30 CV INCLUSIVE CAÇAMBA METÁLICA - CHP DIURNO. AF_06/2014 | G16: chp | H16: =Memorial_de_calculo!D17 -> 0.025637037 | I16: 288.18 | J16: =H16*I16 -> 7.3880813 | L16: 0.3815016 | M16: 0.53932584 | N16: 0.079172557 | P16: =L16+M16+N16 -> 1
B17: 1.1.3. | C17: Transporte de resíduos de poda (composição)
B18: TIPO | C18: CÓDIGO | D18: Descrição Básica | G18: Unidade | H18: Quantidade | I18: Custo Unit. | J18: Total | P18: Controle
B19: C | C19: 95875 | D19: TRANSPORTE COM CAMINHÃO BASCULANTE DE 10 M³, EM VIA URBANA PAVIMENTADA, DMT ATÉ 30 KM (UNIDADE: M3XKM). AF_07/2020 | G19: m³ x km | H19: =Memorial_de_calculo!D19 -> 3.2 | I19: 2.68 | J19: =H19*I19 -> 8.576 | L19: 0.40336134 | M19: 0.49579832 | N19: 0.10084034 | P19: =L19+M19+N19 -> 1
B21: Observação: | H21: Materiais e Equipamentos | J21: =ROUND(SUM(J9:J12)*(L8+M8)+J15*(L15+M15)+J16*(L16+M16)+J19*(L19+M19),2) -> 109.82
H22: Mão de Obra | J22: =ROUND(SUM(J9:J12)*N8+J15*N15+J16*N16+J19*N19,2) -> 46.57
H23: Custo Total Sem BDI | J23: =ROUND(SUM(J9:J12,J15:J16,J19),2) -> 156.38
H24: BDI = | I24: 0.2544 | J24: =ROUND(J23*I24,2) -> 39.78
H25: PREÇO FINAL | J25: =ROUND(SUM(J23:J24),2) -> 196.16
B27: Cód: CPU 002 | D27: Serviço de poda em altura com transporte de resíduos, diâmetro de tronco maior ou igual a 0,2 m e menor que 0,4 m
B28: Item: 1.2 | D28: Unidade de medida: UNIDADE
B29: 1.2.1 | C29: Poda em altura de árvore com diâmetro de tronco maior ou igual a 0,20 m e menor que 0,40 m (SINAPI 98533) | L29: Equipamento | M29: material | N29: mão de obra | P29: Controle
B30: TIPO | C30: CÓDIGO | D30: Descrição Básica | G30: Unidade | H30: Quantidade | I30: Custo Unit. | J30: Total | L30: 0.32485497 | M30: 0.29466012 | N30: 0.3804849 | P30: =L30+M30+N30 -> 1
B31: C | C31: 5928 | D31: GUINDAUTO HIDRÁULICO, CAPACIDADE MÁXIMA DE CARGA 6200 KG, MOMENTO MÁXIMO DE CARGA 11,7 TM, ALCANCE MÁXIMO HORIZONTAL 9,70 M, INCLUSIVE CAMINHÃO TOCO PBT 16.000 KG, POTÊNCIA DE 189 CV - CHP DIURNO. AF_06/2014 | G31: chp | H31: 0.40949576 | I31: 292.56 | J31: =H31*I31 -> 119.80208
B32: C | C32: 5930 | D32: GUINDAUTO HIDRÁULICO, CAPACIDADE MÁXIMA DE CARGA 6200 KG, MOMENTO MÁXIMO DE CARGA 11,7 TM, ALCANCE MÁXIMO HORIZONTAL 9,70 M, INCLUSIVE CAMINHÃO TOCO PBT 16.000 KG, POTÊNCIA DE 189 CV - CHI DIURNO. AF_06/2014 | G32: chi | H32: 1.7502 | I32: 79.23 | J32: =H32*I32 -> 138.66835
B33: C | C33: 88316 | D33: SERVENTE COM ENCARGOS COMPLEMENTARES | G33: hora | H33: 2.1598 | I33: 24.31 | J33: =H33*I33 -> 52.504738
B34: C | C34: 88441 | D34: JARDINEIRO COM ENCARGOS COMPLEMENTARES | G34: hora | H34: 2.1598 | I34: 25.39 | J34: =H34*I34 -> 54.837322
B35: 1.2.2 | C35: Deslocamento a partir da garagem ao local de serviço de poda em altura (composição) | AF35: =8-(10/35) -> 7.7142857
B36: TIPO | C36: CÓDIGO | D36: Descrição Básica | G36: Unidade | H36: Quantidade | I36: Custo Unit. | J36: Total | L36: Equipamento | M36: material | N36: mão de obra | P36: Controle | AD36: =10/35 -> 0.28571429
B37: C | C37: 5928 | D37: GUINDAUTO HIDRÁULICO, CAPACIDADE MÁXIMA DE CARGA 6200 KG, MOMENTO MÁXIMO DE CARGA 11,7 TM, ALCANCE MÁXIMO HORIZONTAL 9,70 M, INCLUSIVE CAMINHÃO TOCO PBT 16.000 KG, POTÊNCIA DE 189 CV - CHP DIURNO. AF_06/2014 | G37: chp | H37: =Memorial_de_calculo!D29 -> 0.079992593 | I37: 292.56 | J37: =H37*I37 -> 23.402633 | L37: 0.32231405 | M37: 0.58659482 | N37: 0.091091127 | P37: =L37+M37+N37 -> 1 | AF37: =AF35/2.1598 -> 3.5717593
B38: C | C38: 91386 | D38: CAMINHÃO BASCULANTE 10 M3, TRUCADO CABINE SIMPLES, PESO BRUTO TOTAL 23.000 KG, CARGA ÚTIL MÁXIMA 15.935 KG, DISTÂNCIA ENTRE EIXOS 4,80 M, POTÊNCIA 2 30 CV INCLUSIVE CAÇAMBA METÁLICA - CHP DIURNO. AF_06/2014 | G38: chp | H38: =Memorial_de_calculo!D30 -> 0.079992593 | I38: 288.18 | J38: =H38*I38 -> 23.052265 | L38: 0.3815016 | M38: 0.53932584 | N38: 0.079172557 | P38: =L38+M38+N38 -> 1
B39: 1.2.3 | C39: Transporte de resíduos de poda (composição) | I39: Subtotal:
B40: TIPO | C40: CÓDIGO | D40: Descrição Básica | G40: Unidade | H40: Quantidade | I40: Custo Unit. | J40: Total | P40: Controle
B41: C | C41: 95875 | D41: TRANSPORTE COM CAMINHÃO BASCULANTE DE 10 M³, EM VIA URBANA PAVIMENTADA, DMT ATÉ 30 KM (UNIDADE: M3XKM). AF_07/2020 | G41: m³ x km | H41: =Memorial_de_calculo!D32 -> 6.4 | I41: 2.68 | J41: =H41*I41 -> 17.152 | L41: 0.40336134 | M41: 0.49579832 | N41: 0.10084034 | P41: =L41+M41+N41 -> 1
B43: Observação: | H43: Materiais e Equipamentos | J43: =SUM(J31:J34)*(L30+M30)+J37*(L37+M37)+J38*(L38+M38)+J41*(L41+M41) -> 284.54676
H44: Mão de Obra | J44: =SUM(J31:J34)*N30+J37*N37+J38*N38+J41*N41 -> 144.87262
H45: Custo Total | J45: =ROUND(SUM(J31:J34,J37:J38,J41),2) -> 429.42
H46: BDI = | I46: =I24 -> 0.2544 | J46: =ROUND(J45*I46,2) -> 109.24
H47: PREÇO FINAL | J47: =SUM(J45:J46) -> 538.66
B49: Cód: CPU 003 | D49: Serviço de poda em altura com transporte de resíduos, diâmetro de tronco maior ou igual a 0,4 m e menor que 0,6 m
B50: Item: 1.3 | D50: Unidade de medida: UNIDADE
B51: 1.3.1 | C51: Poda em altura de árvore com diâmetro de tronco maior ou igual a 0,40 m e menor que 0,60 m (SINAPI 98534) | L51: Equipamento | M51: material | N51: mão de obra | P51: Controle
B52: TIPO | C52: CÓDIGO | D52: Descrição Básica | G52: Unidade | H52: Quantidade | I52: Custo Unit. | J52: Total | L52: 0.31950718 | M52: 0.32152769 | N52: 0.35896513 | P52: =L52+M52+N52 -> 1
B53: C | C53: 5928 | D53: GUINDAUTO HIDRÁULICO, CAPACIDADE MÁXIMA DE CARGA 6200 KG, MOMENTO MÁXIMO DE CARGA 11,7 TM, ALCANCE MÁXIMO HORIZONTAL 9,70 M, INCLUSIVE CAMINHÃO TOCO PBT 16.000 KG, POTÊNCIA DE 189 CV - CHP DIURNO. AF_06/2014 | E53: GUINDAUTO HIDRÁULICO, CAPACIDADE MÁXIMA DE CARGA 6200 KG, MOMENTO MÁXIMO DE CARGA 11,7 TM, ALCANCE MÁXIMO HORIZONTAL 9,70 M, INCLUSIVE CAMINHÃO TOCO PBT 16.000 KG, POTÊNCIA DE 189 CV - CHP DIURNO. AF_06/2014 | F53: GUINDAUTO HIDRÁULICO, CAPACIDADE MÁXIMA DE CARGA 6200 KG, MOMENTO MÁXIMO DE CARGA 11,7 TM, ALCANCE MÁXIMO HORIZONTAL 9,70 M, INCLUSIVE CAMINHÃO TOCO PBT 16.000 KG, POTÊNCIA DE 189 CV - CHP DIURNO. AF_06/2014 | G53: chp | H53: 1.2288 | I53: 292.56 | J53: =H53*I53 -> 359.49773
B54: C | C54: 5930 | D54: GUINDAUTO HIDRÁULICO, CAPACIDADE MÁXIMA DE CARGA 6200 KG, MOMENTO MÁXIMO DE CARGA 11,7 TM, ALCANCE MÁXIMO HORIZONTAL 9,70 M, INCLUSIVE CAMINHÃO TOCO PBT 16.000 KG, POTÊNCIA DE 189 CV - CHI DIURNO. AF_06/2014 | E54: GUINDAUTO HIDRÁULICO, CAPACIDADE MÁXIMA DE CARGA 6200 KG, MOMENTO MÁXIMO DE CARGA 11,7 TM, ALCANCE MÁXIMO HORIZONTAL 9,70 M, INCLUSIVE CAMINHÃO TOCO PBT 16.000 KG, POTÊNCIA DE 189 CV - CHI DIURNO. AF_06/2014 | F54: GUINDAUTO HIDRÁULICO, CAPACIDADE MÁXIMA DE CARGA 6200 KG, MOMENTO MÁXIMO DE CARGA 11,7 TM, ALCANCE MÁXIMO HORIZONTAL 9,70 M, INCLUSIVE CAMINHÃO TOCO PBT 16.000 KG, POTÊNCIA DE 189 CV - CHI DIURNO. AF_06/2014 | G54: chi | H54: 3.9902 | I54: 79.23 | J54: =H54*I54 -> 316.14355
B55: C | C55: 88316 | D55: SERVENTE COM ENCARGOS COMPLEMENTARES | E55: SERVENTE COM ENCARGOS COMPLEMENTARES | F55: SERVENTE COM ENCARGOS COMPLEMENTARES | G55: hora | H55: 5.219 | I55: 24.31 | J55: =H55*I55 -> 126.87389
B56: C | C56: 88441 | D56: JARDINEIRO COM ENCARGOS COMPLEMENTARES | E56: JARDINEIRO COM ENCARGOS COMPLEMENTARES | F56: JARDINEIRO COM ENCARGOS COMPLEMENTARES | G56: hora | H56: 5.219 | I56: 25.39 | J56: =H56*I56 -> 132.51041
B57: 1.3.2 | C57: Deslocamento a partir da garagem ao local de serviço de poda em altura (ida e volta, dist. = 2 x 5 km, vel. = 35 km/h)
B58: TIPO | C58: CÓDIGO | D58: Descrição Básica | G58: Unidade | H58: Quantidade | I58: Custo Unit. | J58: Total | L58: Equipamento | M58: material | N58: mão de obra | P58: Controle
B59: C | C59: 5928 | D59: GUINDAUTO HIDRÁULICO, CAPACIDADE MÁXIMA DE CARGA 6200 KG, MOMENTO MÁXIMO DE CARGA 11,7 TM, ALCANCE MÁXIMO HORIZONTAL 9,70 M, INCLUSIVE CAMINHÃO TOCO PBT 16.000 KG, POTÊNCIA DE 189 CV - CHP DIURNO. AF_06/2014 | G59: chp | H59: =Memorial_de_calculo!D41 -> 0.1932963 | I59: 292.56 | J59: =H59*I59 -> 56.550764 | L59: 0.32231405 | M59: 0.58659482 | N59: 0.091091127 | P59: =L59+M59+N59 -> 1
B60: C | C60: 91386 | D60: CAMINHÃO BASCULANTE 10 M3, TRUCADO CABINE SIMPLES, PESO BRUTO TOTAL 23.000 KG, CARGA ÚTIL MÁXIMA 15.935 KG, DISTÂNCIA ENTRE EIXOS 4,80 M, POTÊNCIA 2 30 CV INCLUSIVE CAÇAMBA METÁLICA - CHP DIURNO. AF_06/2014 | G60: chp | H60: =Memorial_de_calculo!D42 -> 0.1932963 | I60: 288.18 | J60: =H60*I60 -> 55.704127 | L60: 0.3815016 | M60: 0.53932584 | N60: 0.079172557 | P60: =L60+M60+N60 -> 1
B61: 1.3.3 | C61: Transporte de resíduos de poda
B62: TIPO | C62: CÓDIGO | D62: Descrição Básica | G62: Unidade | H62: Quantidade | I62: Custo Unit. | J62: Total | P62: Controle
B63: C | C63: 95875 | D63: TRANSPORTE COM CAMINHÃO BASCULANTE DE 10 M³, EM VIA URBANA PAVIMENTADA, DMT ATÉ 30 KM (UNIDADE: M3XKM). AF_07/2020 | G63: m³ x km | H63: =Memorial_de_calculo!D44 -> 12.8 | I63: 2.68 | J63: =H63*I63 -> 34.304 | L63: 0.40336134 | M63: 0.49579832 | N63: 0.10084034 | P63: =L63+M63+N63 -> 1
B65: Observação: | H65: Materiais e Equipamentos | J65: =ROUND(SUM(J53:J56)*(L52+M52)+J59*(L59+M59)+J60*(L60+M60)+J63*(L63+M63),2) -> 732.92
H66: Mão de Obra | J66: =ROUND(SUM(J53:J56)*N52+J59*N59+J60*N60+J63*N63,2) -> 348.66
H67: Custo Total | J67: =ROUND(SUM(J53:J56,J59:J60,J63),2) -> 1081.58
H68: BDI = | I68: =I46 -> 0.2544 | J68: =ROUND(J67*I68,2) -> 275.15
H69: PREÇO FINAL | J69: =ROUND(SUM(J67:J68),2) -> 1356.73
B71: Cód: CPU 004 | D71: Serviço de poda em altura com transporte de resíduos, diâmetro de tronco maior ou igual a 0,6 m
B72: Item: 1.4 | D72: Unidade de medida: UNIDADE
B73: 1.4.1 | C73: Poda em altura de árvore com diâmetro de tronco maior ou igual a 0,60 m (SINAPI 98535 Adapatado) | L73: Equipamento | M73: material | N73: mão de obra | P73: Controle
B74: TIPO | C74: CÓDIGO | D74: Descrição Básica | G74: Unidade | H74: Quantidade | I74: Custo Unit. | J74: Total | P74: =L74+M74+N74 -> 0
B75: C | C75: 5928 | D75: GUINDAUTO HIDRÁULICO, CAPACIDADE MÁXIMA DE CARGA 6200 KG, MOMENTO MÁXIMO DE CARGA 11,7 TM, ALCANCE MÁXIMO HORIZONTAL 9,70 M, INCLUSIVE CAMINHÃO TOCO PBT 16.000 KG, POTÊNCIA DE 189 CV - CHP DIURNO. AF_06/2014 | E75: GUINDAUTO HIDRÁULICO, CAPACIDADE MÁXIMA DE CARGA 6200 KG, MOMENTO MÁXIMO DE CARGA 11,7 TM, ALCANCE MÁXIMO HORIZONTAL 9,70 M, INCLUSIVE CAMINHÃO TOCO PBT 16.000 KG, POTÊNCIA DE 189 CV - CHP DIURNO. AF_06/2014 | F75: GUINDAUTO HIDRÁULICO, CAPACIDADE MÁXIMA DE CARGA 6200 KG, MOMENTO MÁXIMO DE CARGA 11,7 TM, ALCANCE MÁXIMO HORIZONTAL 9,70 M, INCLUSIVE CAMINHÃO TOCO PBT 16.000 KG, POTÊNCIA DE 189 CV - CHP DIURNO. AF_06/2014 | G75: chp | H75: 1.6384 | I75: 292.56 | J75: =H75*I75 -> 479.3303 | L75: 0.32231405 | M75: 0.58659482 | N75: 0.091091127 | P75: =L75+M75+N75 -> 1
B76: C | C76: 5930 | D76: GUINDAUTO HIDRÁULICO, CAPACIDADE MÁXIMA DE CARGA 6200 KG, MOMENTO MÁXIMO DE CARGA 11,7 TM, ALCANCE MÁXIMO HORIZONTAL 9,70 M, INCLUSIVE CAMINHÃO TOCO PBT 16.000 KG, POTÊNCIA DE 189 CV - CHI DIURNO. AF_06/2014 | E76: GUINDAUTO HIDRÁULICO, CAPACIDADE MÁXIMA DE CARGA 6200 KG, MOMENTO MÁXIMO DE CARGA 11,7 TM, ALCANCE MÁXIMO HORIZONTAL 9,70 M, INCLUSIVE CAMINHÃO TOCO PBT 16.000 KG, POTÊNCIA DE 189 CV - CHI DIURNO. AF_06/2014 | F76: GUINDAUTO HIDRÁULICO, CAPACIDADE MÁXIMA DE CARGA 6200 KG, MOMENTO MÁXIMO DE CARGA 11,7 TM, ALCANCE MÁXIMO HORIZONTAL 9,70 M, INCLUSIVE CAMINHÃO TOCO PBT 16.000 KG, POTÊNCIA DE 189 CV - CHI DIURNO. AF_06/2014 | G76: chi | H76: 7.1581 | I76: 79.23 | J76: =H76*I76 -> 567.13626 | L76: 0.5842555 | M76: 0.065275248 | N76: 0.35046925 | P76: =L76+M76+N76 -> 1
B77: C | C77: 88316 Adaptado | D77: SERVENTE COM ENCARGOS COMPLEMENTARES | E77: SERVENTE COM ENCARGOS COMPLEMENTARES | F77: SERVENTE COM ENCARGOS COMPLEMENTARES | G77: hora | H77: =Memorial_de_calculo!D50 -> 7.7142857 | I77: 24.31 | J77: =H77*I77 -> 187.53429 | M77: 0.25580357 | N77: 0.74419643 | P77: =L77+M77+N77 -> 1
B78: C | C78: 88441 adaptado | D78: JARDINEIRO COM ENCARGOS COMPLEMENTARES | E78: JARDINEIRO COM ENCARGOS COMPLEMENTARES | F78: JARDINEIRO COM ENCARGOS COMPLEMENTARES | G78: hora | H78: =Memorial_de_calculo!D51 -> 7.7142857 | I78: 25.39 | J78: =H78*I78 -> 195.86571 | M78: 0.25 | N78: 0.75 | P78: =L78+M78+N78 -> 1
B79: 1.4.2 | C79: Deslocamento a partir da garagem ao local de serviço de poda em altura (ida e volta, dist. = 2 x 5 km, vel. = 35 km/h)
B80: TIPO | C80: CÓDIGO | D80: Descrição Básica | G80: Unidade | H80: Quantidade | I80: Custo Unit. | J80: Total | L80: Equipamento | M80: material | N80: mão de obra | P80: Controle
B81: Composição | C81: 5928 | D81: GUINDAUTO HIDRÁULICO, CAPACIDADE MÁXIMA DE CARGA 6200 KG, MOMENTO MÁXIMO DE CARGA 11,7 TM, ALCANCE MÁXIMO HORIZONTAL 9,70 M, INCLUSIVE CAMINHÃO TOCO PBT 16.000 KG, POTÊNCIA DE 189 CV - CHP DIURNO. AF_06/2014 | G81: chp | H81: =Memorial_de_calculo!D53 -> 0.28571429 | I81: 292.56 | J81: =H81*I81 -> 83.588571 | L81: 0.32231405 | M81: 0.58659482 | N81: 0.091091127 | P81: =L81+M81+N81 -> 1
B82: Composição | C82: 91386 | D82: CAMINHÃO BASCULANTE 10 M3, TRUCADO CABINE SIMPLES, PESO BRUTO TOTAL 23.000 KG, CARGA ÚTIL MÁXIMA 15.935 KG, DISTÂNCIA ENTRE EIXOS 4,80 M, POTÊNCIA 2 30 CV INCLUSIVE CAÇAMBA METÁLICA - CHP DIURNO. AF_06/2014 | G82: chp | H82: =Memorial_de_calculo!D54 -> 0.28571429 | I82: 288.18 | J82: =H82*I82 -> 82.337143 | L82: 0.3815016 | M82: 0.53932584 | N82: 0.079172557 | P82: =L82+M82+N82 -> 1
B83: 1.4.3 | C83: Transporte de resíduos de poda
B84: TIPO | C84: CÓDIGO | D84: Descrição Básica | G84: Unidade | H84: Quantidade | I84: Custo Unit. | J84: Total | P84: Controle
B85: Composição | C85: 95875 | D85: TRANSPORTE COM CAMINHÃO BASCULANTE DE 10 M³, EM VIA URBANA PAVIMENTADA, DMT ATÉ 30 KM (UNIDADE: M3XKM). AF_07/2020 | G85: m³ x km | H85: =Memorial_de_calculo!D56 -> 16 | I85: 2.68 | J85: =H85*I85 -> 42.88 | L85: 0.40336134 | M85: 0.49579832 | N85: 0.10084034 | P85: =L85+M85+N85 -> 1
B87: Observação: | H87: Materiais e Equipamentos | J87: =ROUND(J75*(L75+M75)+J76*(L76+M76)+J77*M77+J78*M78+J81*(L81+M81)+J82*(L82+M82)+J85*(L85+M85),2) -> 1091.33
H88: Mão de Obra | J88: =J75*N75+J76*N76+J77*N77+J78*N78+J81*N81+J82*N82+J85*N85 -> 547.34524
H89: Custo Total | J89: =ROUND(SUM(J75:J78,J81:J82,J85),2) -> 1638.67
H90: BDI = | I90: =I68 -> 0.2544 | J90: =ROUND(J89*I90,2) -> 416.88
H91: PREÇO FINAL | J91: =ROUND(SUM(J89:J90),2) -> 2055.55
B93: Cód: CPU 005 | D93: Serviço de poda a partir do solo, com transporte de resíduos, com diâmetro de tronco menor que 0,20 m
B94: Item:2.1 | D94: Unidade de medida: UNIDADE
B95: 2.1.1 | C95: Poda em solo de árvore com diâmetro de tronco menor que 0,20 m
B96: TIPO | C96: CÓDIGO | D96: Descrição Básica | G96: Unidade | H96: Quantidade | I96: Custo Unit. | J96: Total | L96: Equipamento | M96: material | N96: mão de obra | P96: Controle
B97: C | C97: 88316 | D97: =Memorial_de_calculo!B60 -> SERVENTE COM ENCARGOS COMPLEMENTARES | G97: hora | H97: 0.69138137 | I97: 24.31 | J97: =H97*I97 -> 16.807481 | M97: 0.25580357 | N97: 0.74419643 | P97: =L97+M97+N97 -> 1
B98: C | C98: 88441 | D98: =Memorial_de_calculo!B61 -> JARDINEIRO COM ENCARGOS COMPLEMENTARES | G98: hora | H98: =H97 -> 0.69138137 | I98: 25.39 | J98: =H98*I98 -> 17.554173 | K98: =Orçamento!S20 -> 88.7 | M98: 0.25 | N98: 0.75 | P98: =L98+M98+N98 -> 1
B99: 2.1.2 | C99: Deslocamento a partir da garagem ao local de serviço de poda em solo (ida e volta, dist. = 2 x 5 km, vel. = 35 km/h)
B100: TIPO | C100: CÓDIGO | D100: Descrição Básica | G100: Unidade | H100: Quantidade | I100: Custo Unit. | J100: Total | L100: Equipamento | M100: material | N100: mão de obra
B101: C | C101: 91386 | D101: =Memorial_de_calculo!B63 -> CAMINHÃO BASCULANTE 10 M3, TRUCADO CABINE SIMPLES, PESO BRUTO TOTAL 23.000 KG, CARGA ÚTIL MÁXIMA 15.935 KG, DISTÂNCIA ENTRE EIXOS 4,80 M, POTÊNCIA 2 30 CV INCLUSIVE CAÇAMBA METÁLICA - CHP DIURNO. AF_06/2014 | G101: chp | H101: 0.02562 | I101: 288.18 | J101: =H101*I101 -> 7.3831716 | L101: 0.3815016 | M101: 0.53932584 | N101: 0.079172557 | P101: =L101+M101+N101 -> 1
B102: 2.1.3 | C102: Transporte de resíduos de poda
B103: TIPO | C103: CÓDIGO | D103: Descrição Básica | G103: Unidade | H103: Quantidade | I103: Custo Unit. | J103: Total | L103: Equipamento | M103: material | N103: mão de obra | P103: Controle
B104: C | C104: 95875 | D104: =Memorial_de_calculo!B65 -> TRANSPORTE COM CAMINHÃO BASCULANTE DE 10 M³, EM VIA URBANA PAVIMENTADA, DMT ATÉ 30 KM (UNIDADE: M3XKM). AF_07/2020 | G104: m³ x km | H104: 3.2 | I104: 2.68 | J104: =H104*I104 -> 8.576 | L104: 0.40336134 | M104: 0.49579832 | N104: 0.10084034 | P104: =L104+M104+N104 -> 1
B106: Observação: | H106: Materiais e Equipamentos | J106: =(J97+J98+J101+J104)-J107 -> 23.200826
H107: Mão de Obra | J107: =ROUND(J97*N97+J98*N98+J101*N101+J104*N104,2) -> 27.12
H108: Custo Total | J108: =SUM(J106:J107) -> 50.320826
H109: BDI = | I109: =I90 -> 0.2544 | J109: =ROUND(J108*I109,2) -> 12.8
H110: PREÇO FINAL | J110: =ROUND(SUM(J108:J109),2) -> 63.12
B112: Cód: CPU 006 | D112: Serviço de poda a partir do solo, com transporte de resíduos, diâmetro de tronco maior ou igual a 0,2m e menor que 0,4 m
B113: Item:2.2 | D113: Unidade de medida: UNIDADE
...

Sheet Memorial_de_calculo
A1: MEMÓRIA DE CÁLCULO PARA COMPOSIÇÕES
A2: TOMADOR: PREFEITURA MUNICIPAL DE SANTA CRUZ DO SUL
A3: NOME DA OBRA/SERVIÇO: Poda Programada
A4: OBJETO: Podas em arborização pública e trasporte dos resíduos até aterro licenciado.
A5: CONTRIBUIÇÃO PREVIDENCIÁRIA: ORÇAMENTO SEM A DESONERAÇÃO PREVISTA NA LEI 12.844/2013
A7: MEMÓRIA DE CÁLCULO
A8: ITEM | B8: SERVIÇOS | C8: UNID. | D8: QTDE. | E8: DESCRIÇÃO
A9: 1 | B9: SERVIÇO DE PODA EM ALTURA COM TRANSPORTE DE RESÍDUOS, DIÂMETRO DE TRONCO < 0,2 M | C9: Unidade | D9: 1
A10: 1.1. | B10: Poda em altura de árvore com diâmetro de tronco menor que 0,20 m (SINAPI 98532) | C10: =C9 -> Unidade | D10: 1
A11: 1.1.1 | B11: GUINDAUTO HIDRÁULICO, CAPACIDADE MÁXIMA DE CARGA 6200 KG, MOMENTO MÁXIMO DE CARGA 11,7 TM, ALCANCE MÁXIMO HORIZONTAL 9,70 M, INCLUSIVE CAMINHÃO TOCO PBT 16.000 KG, POTÊNCIA DE 189 CV - CHP DIURNO. AF_06/2014 | C11: chp | D11: =Composição!H9 -> 0.2048 | E11: Vide composição SINAPI 98532
A12: 1.1.2 | B12: GUINDAUTO HIDRÁULICO, CAPACIDADE MÁXIMA DE CARGA 6200 KG, MOMENTO MÁXIMO DE CARGA 11,7 TM, ALCANCE MÁXIMO HORIZONTAL 9,70 M, INCLUSIVE CAMINHÃO TOCO PBT 16.000 KG, POTÊNCIA DE 189 CV - CHI DIURNO. AF_06/2014 | C12: chi | D12: =Composição!H10 -> 0.4872 | E12: Vide composição SINAPI 98532
A13: 1.1.3 | B13: SERVENTE COM ENCARGOS COMPLEMENTARES | C13: hora | D13: =Composição!H11 -> 0.6922 | E13: Vide composição SINAPI 98532
A14: 2.1.3 | B14: SERVENTE COM ENCARGOS COMPLEMENTARES | C14: hora | D14: =Composição!H12 -> 0.6922 | E14: Vide composição SINAPI 98532
A15: 1.2 | B15: Deslocamento a partir da garagem ao local de serviço de poda em altura (composição) | C15: Unidade | D15: 1
A16: 1.2.1 | B16: GUINDAUTO HIDRÁULICO, CAPACIDADE MÁXIMA DE CARGA 6200 KG, MOMENTO MÁXIMO DE CARGA 11,7 TM, ALCANCE MÁXIMO HORIZONTAL 9,70 M, INCLUSIVE CAMINHÃO TOCO PBT 16.000 KG, POTÊNCIA DE 189 CV - CHP DIURNO. AF_06/2014 | C16: chp | D16: =D9/((8-10/35)/D13)*(10/35)/D9 -> 0.025637037 | E16: ida e volta, dist. = 2 x 5 km, vel. = 35 km/h, t = 10/35). Número de árvores/dia:(( 8-10/35)/0,6921)=11. Total deslocamentos necessários: 1500/11 = 135. Tempo em deslocamento: 135*(10/35). Tempo de Deslocamentos/Árvores=(135*(10/35))/1500
A17: 1.2.2 | B17: CAMINHÃO BASCULANTE 10 M3, TRUCADO CABINE SIMPLES, PESO BRUTO TOTAL 23.000 KG, CARGA ÚTIL MÁXIMA 15.935 KG, DISTÂNCIA ENTRE EIXOS 4,80 M, POTÊNCIA 2 30 CV INCLUSIVE CAÇAMBA METÁLICA - CHP DIURNO. AF_06/2014 | C17: chp | D17: =D9/((8-10/35)/D14)*(10/35)/D9 -> 0.025637037 | E17: ida e volta, dist. = 2 x 5 km, vel. = 35 km/h, t = 10/35). Número de árvores/dia:(( 8-10/35)/0,6921)=11. Total deslocamentos necessários: 1500/11 = 135. Tempo em deslocamento: 135*(10/35). Tempo de Deslocamentos/Árvores=(135*(10/35))/1500
A18: 1.3 | B18: Transporte de resíduos de poda (composição) | D18: 1
A19: 1.3.1 | B19: TRANSPORTE COM CAMINHÃO BASCULANTE DE 10 M³, EM VIA URBANA PAVIMENTADA, DMT ATÉ 30 KM (UNIDADE: M3XKM). AF_07/2020 | C19: m³ x km | D19: =0.2*2*8 -> 3.2 | E19: DMT= Distância Centróide zona Urbana x Aterro = 7613 m. Adotado 8km. Volume estimado DAP <0,2 = 0,2 m³ Ida e retorno ao local da poda (8km x 2) x Volume/árvore (0,2). Volumetria estipulada após análise de Inventários Florestais submetidos à Sec. Municipal de Meio Ambiente, não havendo estudo ou fonte confiável de estimativa para volumetria relacionada
A21: 2 | B21: SERVIÇO DE PODA EM ALTURA COM TRANSPORTE DE RESÍDUOS, DIÂMETRO DE TRONCO MAIOR OU IGUAL A 0,2 M E MENOR QUE 0,4 M | C21: Unidade | D21: 1
A22: 2.1 | B22: 2.1. Poda em altura de árvore com diâmetro de tronco maior ou igual a 0,20 m e menor que 0,40 m (SINAPI 98533) | C22: =C21 -> Unidade | D22: 1
A23: 2.1.1 | B23: GUINDAUTO HIDRÁULICO, CAPACIDADE MÁXIMA DE CARGA 6200 KG, MOMENTO MÁXIMO DE CARGA 11,7 TM, ALCANCE MÁXIMO HORIZONTAL 9,70 M, INCLUSIVE CAMINHÃO TOCO PBT 16.000 KG, POTÊNCIA DE 189 CV - CHP DIURNO. AF_06/2014 | C23: chp | D23: =Composição!H31 -> 0.40949576 | E23: Vide composiçãoSINAPII 98533
A24: 2.1.2 | B24: GUINDAUTO HIDRÁULICO, CAPACIDADE MÁXIMA DE CARGA 6200 KG, MOMENTO MÁXIMO DE CARGA 11,7 TM, ALCANCE MÁXIMO HORIZONTAL 9,70 M, INCLUSIVE CAMINHÃO TOCO PBT 16.000 KG, POTÊNCIA DE 189 CV - CHI DIURNO. AF_06/2014 | C24: chi | D24: =Composição!H32 -> 1.7502 | E24: Vide composiçãoSINAPII 98533
A25: 2.1.3 | B25: SERVENTE COM ENCARGOS COMPLEMENTARES | C25: hora | D25: =Composição!H33 -> 2.1598 | E25: Vide composiçãoSINAPII 98533
A26: 2.1.4 | B26: JARDINEIRO COM ENCARGOS COMPLEMENTARES | C26: hora | D26: =Composição!H34 -> 2.1598 | E26: Vide composiçãoSINAPII 98533
A28: 2.2 | B28: Deslocamento a partir da garagem ao local de serviço de poda em altura (composição) | C28: Unidade | D28: 1
A29: 2.2.1 | B29: GUINDAUTO HIDRÁULICO, CAPACIDADE MÁXIMA DE CARGA 6200 KG, MOMENTO MÁXIMO DE CARGA 11,7 TM, ALCANCE MÁXIMO HORIZONTAL 9,70 M, INCLUSIVE CAMINHÃO TOCO PBT 16.000 KG, POTÊNCIA DE 189 CV - CHP DIURNO. AF_06/2014 | C29: chp | D29: =1500/((8-10/35)/D25)*(10/35)/1500 -> 0.079992593 | E29: ida e volta, dist. = 2 x 5 km, vel. = 35 km/h, t = 10/35). Número de árvores/dia:(( 8-10/35)/2,1598). Total deslocamentos necessários: 1500/n° arvores dia=420. Tempo em deslocamento: 420*(10/35). Tempo de Deslocamentos/Árvores=(420*(10/35))/1500
A30: 2.2.2 | B30: CAMINHÃO BASCULANTE 10 M3, TRUCADO CABINE SIMPLES, PESO BRUTO TOTAL 23.000 KG, CARGA ÚTIL MÁXIMA 15.935 KG, DISTÂNCIA ENTRE EIXOS 4,80 M, POTÊNCIA 2 30 CV INCLUSIVE CAÇAMBA METÁLICA - CHP DIURNO. AF_06/2014 | C30: chp | D30: =1500/((8-10/35)/D26)*(10/35)/1500 -> 0.079992593 | E30: ida e volta, dist. = 2 x 5 km, vel. = 35 km/h, t = 10/35). Número de árvores/dia:(( 8-10/35)/2,1598). Total deslocamentos necessários: 1500/n° arvores dia=420. Tempo em deslocamento: 420*(10/35). Tempo de Deslocamentos/Árvores=(420*(10/35))/1500
A31: 2.3 | B31: Transporte de resíduos de poda (composição) | D31: 1
A32: 2.3.1 | B32: TRANSPORTE COM CAMINHÃO BASCULANTE DE 10 M³, EM VIA URBANA PAVIMENTADA, DMT ATÉ 30 KM (UNIDADE: M3XKM). AF_07/2020 | C32: m³ x km | D32: =0.4*2*8 -> 6.4 | E32: DMT= Distância Centróide zona Urbana x Aterro = 7613 m. Adotado 8km. Volume estimado DAP 0,2 – 0,4 = 0,4 m³. Ida ao local + Depósito no aterro + volta à garagem ou ao local de poda. DMTx3*Volume/árvore. Volumetria estipulada após análise de Inventários Florestais submetidos à Sec. Municipal de Meio Ambiente, não havendo estudo ou fonte confiável de estimativa para volumetria relacionada
A34: 3 | B34: SERVIÇO DE PODA EM ALTURA COM TRANSPORTE DE RESÍDUOS, DIÂMETRO DE TRONCO MAIOR OU IGUAL A 0,4 M E MENOR QUE 0,6 M | C34: Unidade
A35: 3.1 | B35: Poda em altura de árvore com diâmetro de tronco maior ou igual a 0,40 m e menor que 0,60 m (SINAPI 98534) | C35: =C34 -> Unidade | D35: 1
A36: 3.1.1 | B36: GUINDAUTO HIDRÁULICO, CAPACIDADE MÁXIMA DE CARGA 6200 KG, MOMENTO MÁXIMO DE CARGA 11,7 TM, ALCANCE MÁXIMO HORIZONTAL 9,70 M, INCLUSIVE CAMINHÃO TOCO PBT 16.000 KG, POTÊNCIA DE 189 CV - CHP DIURNO. AF_06/2014 | C36: chp | D36: 1.2288 | E36: Vide composiçãoSINAPII 98534
A37: 3.1.2 | B37: GUINDAUTO HIDRÁULICO, CAPACIDADE MÁXIMA DE CARGA 6200 KG, MOMENTO MÁXIMO DE CARGA 11,7 TM, ALCANCE MÁXIMO HORIZONTAL 9,70 M, INCLUSIVE CAMINHÃO TOCO PBT 16.000 KG, POTÊNCIA DE 189 CV - CHI DIURNO. AF_06/2014 | C37: chi | D37: 3.9902 | E37: Vide composiçãoSINAPII 98534
A38: 3.1.3 | B38: SERVENTE COM ENCARGOS COMPLEMENTARES | C38: hora | D38: 5.219 | E38: Vide composiçãoSINAPII 98534
A39: 3.1.4 | B39: JARDINEIRO COM ENCARGOS COMPLEMENTARES | C39: hora | D39: 5.219 | E39: Vide composiçãoSINAPII 98534
A40: 3.2 | B40: Deslocamento a partir da garagem ao local de serviço de poda em altura (composição) | C40: Unidade | D40: 1
A41: 3.2.1 | B41: GUINDAUTO HIDRÁULICO, CAPACIDADE MÁXIMA DE CARGA 6200 KG, MOMENTO MÁXIMO DE CARGA 11,7 TM, ALCANCE MÁXIMO HORIZONTAL 9,70 M, INCLUSIVE CAMINHÃO TOCO PBT 16.000 KG, POTÊNCIA DE 189 CV - CHP DIURNO. AF_06/2014 | C41: chp | D41: =120/((8-10/35)/D38)*(10/35)/120 -> 0.1932963 | E41: ida e volta, dist. = 2 x 5 km, vel. = 35 km/h, t = 10/35). Número de árvores/dia:(( 8-10/35)/5,2190). Total deslocamentos necessários: 120/n° arvores dia=82. Tempo em deslocamento: 82*(10/35). Tempo de Deslocamentos/Árvores=(82*(10/35))/120
A42: 3.2.2 | B42: CAMINHÃO BASCULANTE 10 M3, TRUCADO CABINE SIMPLES, PESO BRUTO TOTAL 23.000 KG, CARGA ÚTIL MÁXIMA 15.935 KG, DISTÂNCIA ENTRE EIXOS 4,80 M, POTÊNCIA 2 30 CV INCLUSIVE CAÇAMBA METÁLICA - CHP DIURNO. AF_06/2014 | C42: chp | D42: =120/((8-10/35)/D39)*(10/35)/120 -> 0.1932963 | E42: ida e volta, dist. = 2 x 5 km, vel. = 35 km/h, t = 10/35). Número de árvores/dia:(( 8-10/35)/5,2190). Total deslocamentos necessários: 120/n° arvores dia=82. Tempo em deslocamento: 82*(10/35). Tempo de Deslocamentos/Árvores=(82*(10/35))/120
A43: 3.3 | B43: Transporte de resíduos de poda (composição) | C43: Unidade | D43: 1
A44: 3.3.1 | B44: TRANSPORTE COM CAMINHÃO BASCULANTE DE 10 M³, EM VIA URBANA PAVIMENTADA, DMT ATÉ 30 KM (UNIDADE: M3XKM). AF_07/2020 | C44: m³ x km | D44: =0.8*2*8 -> 12.8 | E44: DMT = Distância Centróide zona Urbana x Aterro = 7613 m. Adotado 8km. Volume estimado DAP 0,2 – 0,4 = 0,8 m³. Volumetria estipulada após análise de Inventários Florestais submetidos à Sec. Municipal de Meio Ambiente, não havendo estudo ou fonte confiável de estimativa para volumetria relacionada Ida ao local + Depósito no aterro + volta à garagem ou ao local de poda. DMTx3*Volume/árvore.
A46: 4 | B46: SERVIÇO DE PODA EM ALTURA COM TRANSPORTE DE RESÍDUOS, DIÂMETRO DE TRONCO MAIOR OU IGUAL A 0,6 M | C46: Unidade | D46: 1
A47: 4.1 | B47: Poda em altura de árvore com diâmetro de tronco maior ou igual a 0,60 m (SINAPI 98535 Adaptado) | C47: =C46 -> Unidade | D47: 1
A48: 4.1.1 | B48: GUINDAUTO HIDRÁULICO, CAPACIDADE MÁXIMA DE CARGA 6200 KG, MOMENTO MÁXIMO DE CARGA 11,7 TM, ALCANCE MÁXIMO HORIZONTAL 9,70 M, INCLUSIVE CAMINHÃO TOCO PBT 16.000 KG, POTÊNCIA DE 189 CV - CHP DIURNO. AF_06/2014 | C48: chp | D48: 1.6384 | E48: Vide composição SINAPI 98535
A49: 4.1.2 | B49: GUINDAUTO HIDRÁULICO, CAPACIDADE MÁXIMA DE CARGA 6200 KG, MOMENTO MÁXIMO DE CARGA 11,7 TM, ALCANCE MÁXIMO HORIZONTAL 9,70 M, INCLUSIVE CAMINHÃO TOCO PBT 16.000 KG, POTÊNCIA DE 189 CV - CHI DIURNO. AF_06/2014 | C49: chi | D49: 7.1581 | E49: Vide composição SINAPI 98535
A50: 4.1.3 | B50: SERVENTE COM ENCARGOS COMPLEMENTARES | C50: hora | D50: =8-10/35 -> 7.7142857 | E50: Estimado. Adaptado de Sinapi 98535. O tempo estimado na composição original é de 8,79 horas. Não condizente com informações apuradas com a Secretaria Municipal de Meio Ambiente.
A51: 4.1.4 | B51: JARDINEIRO COM ENCARGOS COMPLEMENTARES | C51: hora | D51: =8-10/35 -> 7.7142857 | E51: Estimado. Adaptado de Sinapi 98535. O tempo estimado na composição original é de 8,79 horas. Não condizente com informações apuradas com a Secretaria Municipal de Meio Ambiente.
A52: 4.2 | B52: Deslocamento a partir da garagem ao local de serviço de poda em altura (composição) | C52: Unidade | D52: 1
A53: 4.2.1 | B53: GUINDAUTO HIDRÁULICO, CAPACIDADE MÁXIMA DE CARGA 6200 KG, MOMENTO MÁXIMO DE CARGA 11,7 TM, ALCANCE MÁXIMO HORIZONTAL 9,70 M, INCLUSIVE CAMINHÃO TOCO PBT 16.000 KG, POTÊNCIA DE 189 CV - CHP DIURNO. AF_06/2014 | C53: chp | D53: =30/((8-10/35)/D50)*(10/35)/30 -> 0.28571429 | E53: ida e volta, dist. = 2 x 5 km, vel. = 35 km/h, t = 10/35). Número de árvores/dia:(( 8-10/35)/7,7143). Total deslocamentos necessários: 80/n° arvores dia=80. Tempo em deslocamento: 80*(10/35). Tempo de Deslocamentos/Árvores=(80*(10/35))/80
A54: 4.2.2 | B54: CAMINHÃO BASCULANTE 10 M3, TRUCADO CABINE SIMPLES, PESO BRUTO TOTAL 23.000 KG, CARGA ÚTIL MÁXIMA 15.935 KG, DISTÂNCIA ENTRE EIXOS 4,80 M, POTÊNCIA 2 30 CV INCLUSIVE CAÇAMBA METÁLICA - CHP DIURNO. AF_06/2014 | C54: chp | D54: =30/((8-10/35)/D51)*(10/35)/30 -> 0.28571429 | E54: ida e volta, dist. = 2 x 5 km, vel. = 35 km/h, t = 10/35). Número de árvores/dia:(( 8-10/35)/7,7143). Total deslocamentos necessários: 80/n° arvores dia=80. Tempo em deslocamento: 80*(10/35). Tempo de Deslocamentos/Árvores=(80*(10/35))/80
A55: 4.3 | B55: Transporte de resíduos de poda (composição) | D55: 1
A56: 4.3.1 | B56: TRANSPORTE COM CAMINHÃO BASCULANTE DE 10 M³, EM VIA URBANA PAVIMENTADA, DMT ATÉ 30 KM (UNIDADE: M3XKM). AF_07/2020 | C56: m³ x km | D56: =1*2*8 -> 16 | E56: DMT= Distância Centróide zona Urbana x Aterro = 7613 m. Adotado 8km. Volume estimado DAP 0,2 – 0,4 = 1 m³. Volumetria estipulada após análise de Inventários Florestais submetidos à Sec. Municipal de Meio Ambiente, não havendo estudo ou fonte confiável de estimativa para volumetria relacionada ao DAP. Ida ao local + Depósito no aterro + volta à garagem ou ao local de poda. DMTx3*Volume/árvore.
A58: 5 | B58: Serviço de poda a partir do solo, com transporte de resíduos, com diâmetro de tronco menor que 0,20 m | C58: Unidade | D58: 1
A59: 5.1 | B59: Serviço de poda do nível do solo, diâmetro de tronco menor que 0,2m | C59: Unidade | D59: 1 | E59: Adaptado a partir de SINAPI 98532
A60: 5.1.1 | B60: SERVENTE COM ENCARGOS COMPLEMENTARES | C60: hora | D60: 0.6921 | E60: Carga horária obtida via SINAPI 98532
A61: 5.1.2 | B61: JARDINEIRO COM ENCARGOS COMPLEMENTARES | C61: hora | D61: 0.6921 | E61: Carga horária obtida via SINAPI 98532
A62: 5.2 | B62: Deslocamento a partir da garagem ao local de serviço de poda em altura (composição) | C62: Unidade | D62: 1
A63: 5.2.1 | B63: CAMINHÃO BASCULANTE 10 M3, TRUCADO CABINE SIMPLES, PESO BRUTO TOTAL 23.000 KG, CARGA ÚTIL MÁXIMA 15.935 KG, DISTÂNCIA ENTRE EIXOS 4,80 M, POTÊNCIA 2 30 CV INCLUSIVE CAÇAMBA METÁLICA - CHP DIURNO. AF_06/2014 | C63: chp | D63: =D58/((8-10/35)/D60)*(10/35)/D58 -> 0.025633333 | E63: ida e volta, dist. = 2 x 5 km, vel. = 35 km/h, t = 10/35). Número de árvores/dia:(( 8-10/35)/0,6921)=11. Total deslocamentos necessários: 1500/11 = 135. Tempo em deslocamento: 135*(10/35). Tempo de Deslocamentos/Árvores=(135*(10/35))/1500
A64: 5.3 | B64: Transporte de resíduos de poda (composição) | C64: Unidade | D64: 1
A65: 5.3.1 | B65: TRANSPORTE COM CAMINHÃO BASCULANTE DE 10 M³, EM VIA URBANA PAVIMENTADA, DMT ATÉ 30 KM (UNIDADE: M3XKM). AF_07/2020 | C65: m³ x km | D65: =0.2*2*8 -> 3.2 | E65: DMT= Distância Centróide zona Urbana x Aterro = 7613 m. Adotado 8km. Volume estimado DAP <0,2 = 0,2 m³ Ida e retorno ao local da poda (8km x 2) x Volume/árvore (0,2)
A67: 6 | B67: Serviço de poda a partir do solo, com transporte de resíduos,, diâmetro de tronco maior ou igual a 0,2m e menor que 0,4 m | C67: Unidade | D67: 1
A68: 6.1 | B68: Serviço de poda a partir do solo, diâmetro de tronco maior ou igual a 0,2m e menor que 0,4 m | C68: Unidade | D68: 1 | E68: Adaptado a partir de SINAPI 98533
A69: 6.1.1 | B69: SERVENTE COM ENCARGOS COMPLEMENTARES | C69: hora | D69: 2 | E69: Carga horária estipulada em 2h/ árvore. Diminuição em relação ao SINAPI 98533 se deve à ausência de caminhão cesto (guindauto) e respectivos trabalhos de preparação do entorno.
A70: 6.1.2 | B70: JARDINEIRO COM ENCARGOS COMPLEMENTARES | C70: hora | D70: 2 | E70: Carga horária estipulada em 2h/ árvore. Diminuição em relação ao SINAPI 98533 se deve à ausência de caminhão cesto (guindauto) e respectivos trabalhos de preparação do entorno.
A71: 6.2 | B71: Deslocamento a partir da garagem ao local de serviço de poda (composição). | C71: Unidade | D71: 1
A72: 6.2.1 | B72: CAMINHÃO BASCULANTE 10 M3, TRUCADO CABINE SIMPLES, PESO BRUTO TOTAL 23.000 KG, CARGA ÚTIL MÁXIMA 15.935 KG, DISTÂNCIA ENTRE EIXOS 4,80 M, POTÊNCIA 2 30 CV INCLUSIVE CAÇAMBA METÁLICA - CHP DIURNO. AF_06/2014 | C72: chp | D72: =D67/((8-10/35)/D69)*(10/35)/D67 -> 0.074074074 | E72: ida e volta, dist. = 2 x 5 km, vel. = 35 km/h, t = 10/35). Número de árvores/dia:(( 8-10/35)/2,0). Total deslocamentos necessários: 1500/n° arvores dia. Tempo em deslocamento: Desloc*(10/35). Tempo de Deslocamentos/Árvores=(111,2/1500).
A73: 6.3 | B73: Transporte de resíduos de poda (composição) | C73: Unidade | D73: 1
A74: 6.3.1 | B74: TRANSPORTE COM CAMINHÃO BASCULANTE DE 10 M³, EM VIA URBANA PAVIMENTADA, DMT ATÉ 30 KM (UNIDADE: M3XKM). AF_07/2020 | C74: m³ x km | D74: =0.4*2*8 -> 6.4 | E74: DMT= Distância Centróide zona Urbana x Aterro = 7613 m. Adotado 8km. Volume estimado DAP 0,2 – 0,4 = 0,4 m³ Ida ao local + Depósito no aterro + volta à garagem ou ao local de poda. DMTx3*Volume/árvore.
A76: 7 | B76: Serviço de poda em solo com transporte de resíduos, diâmetro de tronco maior ou igual a 0,4m e menor que 0,6 m | C76: Unidade
A77: 7.1 | B77: Serviço de poda em solo com transporte de resíduos, diâmetro de tronco maior ou igual a 0,4m e menor que 0,6 m | C77: Unidade | D77: 1
A78: 7.1.1 | B78: SERVENTE COM ENCARGOS COMPLEMENTARES | C78: hora | D78: 5.219 | E78: Adaptado de SINAPI 98534
A79: 7.1.2 | B79: JARDINEIRO COM ENCARGOS COMPLEMENTARES | C79: hora | D79: 5.219 | E79: Vide composição SINAPI 98534
A80: 7.2 | B80: Deslocamento a partir da garagem ao local de serviço de poda em altura (composição) | C80: Unidade | D80: 1
A81: 7.2.1 | B81: CAMINHÃO BASCULANTE 10 M3, TRUCADO CABINE SIMPLES, PESO BRUTO TOTAL 23.000 KG, CARGA ÚTIL MÁXIMA 15.935 KG, DISTÂNCIA ENTRE EIXOS 4,80 M, POTÊNCIA 2 30 CV INCLUSIVE CAÇAMBA METÁLICA - CHP DIURNO. AF_06/2014 | C81: chp | D81: =80/((8-10/35)/D78)*(10/35)/80 -> 0.1932963 | E81: Ida e volta, dist. = 2 x 5 km, vel. = 35 km/h, t = 10/35). Número de árvores/dia:(( 8-10/35)/5,2190). Total deslocamentos necessários: 80/n° arvores dia=55. Tempo em deslocamento: 54,1229*(10/35)= 15,4637. Tempo de Deslocamentos/Árvores=(15,4637/80)
A82: 7.3 | B82: Transporte de resíduos de poda (composição) | C82: Unidade | D82: 1
A83: 7.3.1 | B83: TRANSPORTE COM CAMINHÃO BASCULANTE DE 10 M³, EM VIA URBANA PAVIMENTADA, DMT ATÉ 30 KM (UNIDADE: M3XKM). AF_07/2020 | C83: m³ x km | D83: =0.8*2*8 -> 12.8 | E83: DMT= Distância Centróide zona Urbana x Aterro = 7613 m. Adotado 8km. Volume estimado DAP 0,2 – 0,4 = 0,8 m³. Volumetria estipulada após análise de Inventários Florestais submetidos à Sec. Municipal de Meio Ambiente, não havendo estudo ou fonte confiável de estimativa para volumetria relacionada. Ida ao local + Depósito no aterro + volta à garagem ou ao local de poda. DMTx3*Volume/árvore.
A85: 8 | B85: Serviço de poda em solo com transporte de resíduos, diâmetro de tronco maior ou igual a 0,6 m | C85: Unidade | D85: 1
A86: 8.1 | B86: Serviço de poda em solo com transporte de resíduos, diâmetro de tronco maior ou igual a 0,4m e menor que 0,6 m | C86: Unidade
A87: 8.1.1 | B87: SERVENTE COM ENCARGOS COMPLEMENTARES | C87: hora | D87: =8-10/35 -> 7.7142857 | E87: Estimado. Adaptado de Sinapi 98535. O tempo estimado na composição original é de 8,79 horas. Não condizente com informações apuradas com a Secretaria Municipal de Meio Ambiente.
A88: 8.1.2 | B88: JARDINEIRO COM ENCARGOS COMPLEMENTARES | C88: hora | D88: =8-10/35 -> 7.7142857 | E88: Estimado. Adaptado de Sinapi 98535. O tempo estimado na composição original é de 8,79 horas. Não condizente com informações apuradas com a Secretaria Municipal de Meio Ambiente.
A89: 8.2 | B89: Deslocamento a partir da garagem ao local de serviço de poda em altura (composição) | C89: Unidade
A90: 8.2.1 | B90: CAMINHÃO BASCULANTE 10 M3, TRUCADO CABINE SIMPLES, PESO BRUTO TOTAL 23.000 KG, CARGA ÚTIL MÁXIMA 15.935 KG, DISTÂNCIA ENTRE EIXOS 4,80 M, POTÊNCIA 2 30 CV INCLUSIVE CAÇAMBA METÁLICA - CHP DIURNO. AF_06/2014 | C90: chp | D90: =D85/((8-10/35)/D87)*(10/35)/D85 -> 0.28571429 | E90: ida e volta, dist. = 2 x 5 km, vel. = 35 km/h, t = 10/35). Número de árvores/dia:(( 8-10/35)/7,7143). Total deslocamentos necessários: 10/n° arvores dia=10. Tempo em deslocamento: 10*(10/35). Tempo de Deslocamentos/Árvores=(10*(10/35))/10
A91: 8.3 | B91: Transporte de resíduos de poda (composição)
A92: 8.3.1 | B92: TRANSPORTE COM CAMINHÃO BASCULANTE DE 10 M³, EM VIA URBANA PAVIMENTADA, DMT ATÉ 30 KM (UNIDADE: M3XKM). AF_07/2020 | C92: m³ x km | D92: =1*2*8 -> 16 | E92: DMT= Distância Centróide zona Urbana x Aterro = 7613 m. Adotado 8km. Volume estimado DAP 0,2 – 0,4 = 0,8 m³. Volumetria estipulada após análise de Inventários Florestais submetidos à Sec. Municipal de Meio Ambiente, não havendo estudo ou fonte confiável de estimativa para volumetria relacionada. Ida ao local + Depósito no aterro + volta à garagem ou ao local de poda. DMTx3*Volume/árvore.
B94: Felipe Flach Kislowski | E94: Vanir Ramos de Azevedo
B95: Biólogo – CRBio 75850/03-D | E95: Secretário Municipal de Planejamento
B96: Matrícula 18075 | E96: e Mobilidade Urbana

Sheet BDI
A2: PARÂMETROS DE BDI DE ACORDO COM O ACÓRDÃO 2.622/2013 – TCU – PLENÁRIO
A3: LIMPEZA URBANA
A4: ITEM COMPONENTE DO BDI | B4: TAXAS DE BDI (%) | E4: Valores Propostos (%)
B5: 1º Quartil | C5: Médio | D5: 3º Quartil
A6: Administração Central (AC) | B6: 2.97 | C6: 5.08 | D6: 6.27 | E6: 5.08
A7: Seguro (S) e Garantia (G) | B7: 0.86 | C7: 1.33 | D7: 1.71 | E7: 1.33 | G7: (((1+E15+E16)*(1+E17)*(1+E18))/(1-E19)-1)*100
A8: Despesas financeiras (DF) | B8: - | C8: 15 | D8: - | E8: 1.12
A9: Lucro (L) | B9: 7.78 | C9: 10.85 | D9: 13.55 | E9: 10
A10: Tributos - COFINS - PIS - ISS - CPRB (T) | B10: Conforme legislação específica | E10: 5.65
A12: TOTAIS | B12: 1º Quartil | C12: Médio | D12: 3º Quartil | E12: Adotado (calculado)
A13: Limites de aceitabilidade do BDI sem justificativas | B13: 21.43 | C13: 27.17 | D13: 33.62 | E13: 25.44
G14: SELIC= | H14: 15
A15: BDI CALCULADO SEM DESONERAÇÃO (%) | E15: 25.44 | G15: DF= | H15: =(((1+(H14/100))^(20/252))-1)*100 -> 1.1153964
A17: Observações:
A18: 1) O percentual do BDI (25,44%) quando calculado SEM DESONERAÇÃO atende aos limites estipulados pelo Acórdão 2.622/2013.
A19: 2) O resultado do cálculo do percentual de BDI COM DESONERAÇÃO é superior ao limite estipulado pelo Acórdão 2.622/2013 devido a soma de 4,5% (CPRB – Contribuição Previdenciária sobre a Receita Bruta, conforme Lei 13.161/2015) no item Tributos.
A21: FÓRMULA UTILIZADA PARA O CÁLCULO (ACÓRDÃO 2.622/2013 – TCU – PLENÁRIO):
A22: BDI ={ [(1+AC+S+G)x(1+DF)x(1+L)]/(1-T)}-1
A24: Parâmetros adotados para o componente Tributos (T):
A25: COFINS: 3,00%
A26: PIS= 0,65%
A27: ISS= 2,00%
A28: Total de Tributos (T)= 5,65%
A30: Parâmetros adotados para o componente Despesas Financeiras (DF): | D30: CÁLCULO DAS DESPESAS FINANCEIRAS (DF)
A31: DF=[ (1+(SELIC/100))DU/252 -1 ] x 100 | D31: SELIC (%) | E31: 15
A32: SELIC: Taxa SELIC vigente em outubro de 2025= 15,00%; | D32: DU (DIAS ÚTEIS) | E32: 20
A33: DU= Número de dias úteis decorridos entre a data da medição e a data do pagamento mensal. Considerou-se uma média de 20 dias úteis até o pagamento. | D33: DF(%) | E33: =(((1+(E31/100))^(20/252))-1)*100 -> 1.1153964
A35: Para o cálculo do BDI, o percentual de ISS é o produto da multiplicação do percentual considerado do serviço pela alíquota de ISS.
A37: Declaro para os devidos fins que, conforme legislação tributária municipal, a alíquota para o cálculo do ISS para obras de serviço LIMPEZA DE ÁREAS VERDES é de 2,00% e, no caso presente o percentual considerado do preço do serviço corresponde a 100,00% em relação ao preço total orçado, resultando, para efeito de cálculo de BDI, um percentual de ISS de 2,00%.
A39: Declaro para os devidos fins que o regime de Contribuição Previdenciária adotado para elaboração do orçamento foi SEM DESONERAÇÃO, e que esta é a alternativa mais adequada para a Administração Pública, por conduzir a preços mais vantajosos.
C41: =Orçamento!O26 -> Santa Cruz do Sul, 10 de novembro de 2025.
A46: Felipe Flach Kislowski | C46: Vanir Ramos de Azevedo
A47: Biólogo – CRBio 75850/03-D | C47: Secretário Municipal de Planejamento
C48: e Mobilidade Urbana

Sheet Cronograma
A2: CRONOGRAMA FÍSICO-FINANCEIRO: Serviço de poda de árvores com transporte de resíduos de poda
A4: Itens | B4: Custo total | C4: 1° Mês | E4: 2° Mês | G4: 3° Mês | I4: 4° Mês | K4: 5° Mês | M4: 6° Mês
B5: (com BDI) | C5: Valor | D5: % do item | E5: Valor | F5: % do item | G5: Valor | H5: % do item | I5: Valor | J5: % do item | K5: Valor | L5: % do item | M5: Valor | N5: % do item
A6: =Orçamento!B7 -> Serviço de poda em altura, com transporte de resíduos | B6: =Orçamento!S12 -> 1151325 | C6: =($B$6*D6) -> 95905.373 | D6: 0.0833 | E6: =($B$6*F6) -> 95905.373 | F6: 0.0833 | G6: =($B$6*H6) -> 95905.373 | H6: 0.0833 | I6: =($B$6*J6) -> 95905.373 | J6: 0.0833 | K6: =($B$6*L6) -> 95905.373 | L6: 0.0833 | M6: =($B$6*N6) -> 95905.373 | N6: 0.0833
A7: =Orçamento!B14 -> Serviço de poda a partir do solo, com transporte de resíduos | B7: =Orçamento!S19 -> 274083 | C7: =($B$7*D7) -> 22831.114 | D7: 0.0833 | E7: =($B$7*F7) -> 22831.114 | F7: 0.0833 | G7: =($B$7*H7) -> 22831.114 | H7: 0.0833 | I7: =($B$7*J7) -> 22831.114 | J7: 0.0833 | K7: =($B$7*L7) -> 22831.114 | L7: 0.0833 | M7: =($B$7*N7) -> 22831.114 | N7: 0.0833
A8: Total mensal | C8: =SUM(C6:C7) -> 118736.49 | D8: =C8/SUM($B$6:$B$7) -> 0.0833 | E8: =SUM(E6:E7) -> 118736.49 | F8: =E8/SUM($B$6:$B$7) -> 0.0833 | G8: =SUM(G6:G7) -> 118736.49 | H8: =G8/SUM($B$6:$B$7) -> 0.0833 | I8: =SUM(I6:I7) -> 118736.49 | J8: =I8/SUM($B$6:$B$7) -> 0.0833 | K8: =SUM(K6:K7) -> 118736.49 | L8: =K8/SUM($B$6:$B$7) -> 0.0833 | M8: =SUM(M6:M7) -> 118736.49 | N8: =M8/SUM($B$6:$B$7) -> 0.0833
A9: Acumulado | C9: =C8 -> 118736.49 | D9: =D8 -> 0.0833 | E9: =C9+E8 -> 237472.97 | F9: =D9+F8 -> 0.1666 | G9: =E9+G8 -> 356209.46 | H9: =F9+H8 -> 0.2499 | I9: =G9+I8 -> 474945.95 | J9: =H9+J8 -> 0.3332 | K9: =I9+K8 -> 593682.43 | L9: =J9+L8 -> 0.4165 | ... N9: =L9+N8 -> 0.4998
A11: Itens | C11: 7° Mês | E11: 8° Mês | G11: 9° Mês | I11: 10° Mês | K11: 11° Mês | M11: 12° Mês
C12: Valor | D12: % do item | E12: Valor | F12: % do item | G12: Valor | H12: % do item | I12: Valor | J12: % do item | K12: Valor | L12: % do item | M12: Valor | N12: % do item
A13: =Orçamento!B7 -> Serviço de poda em altura, com transporte de resíduos | C13: =($B$6*D13) -> 95905.373 | D13: 0.0833 | E13: =($B$6*F13) -> 95905.373 | F13: 0.0833 | G13: =($B$6*H13) -> 95905.373 | H13: 0.0833 | I13: =($B$6*J13) -> 95905.373 | J13: 0.0833 | K13: =($B$6*L13) -> 95905.373 | L13: 0.0833 | M13: =($B$6*N13) -> 96365.903 | N13: 0.0837
A14: =Orçamento!B14 -> Serviço de poda a partir do solo, com transporte de resíduos | C14: =($B$7*D14) -> 22831.114 | D14: 0.0833 | E14: =($B$7*F14) -> 22831.114 | F14: 0.0833 | G14: =($B$7*H14) -> 22831.114 | H14: 0.0833 | I14: =($B$7*J14) -> 22831.114 | J14: 0.0833 | K14: =($B$7*L14) -> 22831.114 | L14: 0.0833 | M14: =($B$7*N14) -> 22940.747 | N14: 0.0837
A15: Total mensal | C15: =SUM(C13:C14) -> 118736.49 | D15: =C15/SUM($B$6:$B$7) -> 0.0833 | E15: =SUM(E13:E14) -> 118736.49 | F15: =E15/SUM($B$6:$B$7) -> 0.0833 | G15: =SUM(G13:G14) -> 118736.49 | H15: =G15/SUM($B$6:$B$7) -> 0.0833 | I15: =SUM(I13:I14) -> 118736.49 | J15: =I15/SUM($B$6:$B$7) -> 0.0833 | K15: =SUM(K13:K14) -> 118736.49 | L15: =K15/SUM($B$6:$B$7) -> 0.0833 | M15: =SUM(M13:M14) -> 119306.65 | N15: =M15/SUM($B$6:$B$7) -> 0.0837
A16: Acumulado | C16: =M9+C15 -> 831155.4 | D16: =N9+D15 -> 0.5831 | E16: =C16+E15 -> 949891.89 | F16: =D16+F15 -> 0.6664 | G16: =E16+G15 -> 1068628.4 | H16: =F16+H15 -> 0.7497 | I16: =G16+I15 -> 1187364.9 | J16: =H16+J15 -> 0.833 | K16: =I16+K15 -> 1306101.4 | L16: =J16+L15 -> 0.9163 | M16: =M15+K16 -> 1425408 | N16: =L16+N15 -> 1
M18: VALOR DO LOTE | P18: =C6+E6+G6+I6+K6+M6+C13+E13+G13+I13+K13+M13 -> 1151325
M19: TOTAL | N19: % do item | P19: =C7+E7+G7+I7+K7+M7+C14+E14+G14+I14+K14+M14 -> 274083
M20: =B6+B7 -> 1425408 | N20: =N16 -> 1
N22: =Orçamento!O26 -> Santa Cruz do Sul, 10 de novembro de 2025.
B27: Felipe Flach Kislowski | J27: Vanir Ramos de Azevedo
B28: Biólogo – CRBio 75850/03-D | J28: Secretário Municipal de Planejamento
B29: Matrícula 18075 | J29: e Mobilidade Urbana
N31: 1 | AC31: 2

Sheet medição
A1: ANEXO I (Termo de Referência)
A2: RELATÓRIO DE EXECUÇÃO DOS SERVIÇOS DE PODA
A3: SOLICITANTE: | C3: SECRETARIA MUNICIPAL DE SERVIÇOS PÚBLICOS
A4: ITEM | B4: data da solicitação | C4: nº do empenho | D4: LOCAL | E4: UN | F4: TIPO DE PODA | H4: QT empenhada | I4: PREÇO UNITÁRIO COM BDI (R$) | L4: QT executado | M4: PREÇO UNITÁRIO COM BDI (R$)
F5: altura | G5: solo | I5: MATERIAL | J5: MÃO DE OBRA | K5: TOTAL | M5: MATERIAL | N5: MÃO DE OBRA | O5: TOTAL
A6: 1 | E6: árvore | I6: 0 | J6: 0 | K6: =I6+J6 -> 0 | M6: 0 | N6: 0 | O6: =M6+N6 -> 0
A7: RELATÓRIO FOTOGRÁFICO DO LOCAL ANTES DOS SERVIÇOS | G7: RELATÓRIO FOTOGRÁFICO DO LOCAL APÓS EXECUÇÃO DOS SERVIÇOS
A8: OBS: Fotos devem conter data e coordenadas geográficas. | G8: OBS: Fotos devem conter data e coordenadas geográficas.
A9: 2 | E9: árvore | K9: =I9+J9 -> 0 | O9: =M9+N9 -> 0
A10: RELATÓRIO FOTOGRÁFICO DO LOCAL ANTES DOS SERVIÇOS | G10: RELATÓRIO FOTOGRÁFICO DO LOCAL APÓS EXECUÇÃO DOS SERVIÇOS
A12: 3 | E12: árvore | K12: =I12+J12 -> 0 | O12: =M12+N12 -> 0
A13: RELATÓRIO FOTOGRÁFICO DO LOCAL ANTES DOS SERVIÇOS | G13: RELATÓRIO FOTOGRÁFICO DO LOCAL APÓS EXECUÇÃO DOS SERVIÇOS
A15: TOTAIS
H16: TOTAIS EMPENHADOS | L16: TOTAIS EXECUTADOS
A18: Santa Cruz do Sul, XX de XXXXXX de 2026.
I24: Nome e Sobrenome – Engenheiro xxxxxx – CREA xxxxx
A25: RECEBIDO EM: | D25: ____/____/____ | I25: NOME DA EMPRESA
A28: servidor responsável deve informar nome completo e assinar
